 Dungeon Crawl Stone Soup version 0.27-a0-1591-gc56fcc985a (webtiles) character file.

Game seed: 9257112203291253244

39 HAL9000 the Sneak (level 3, -11/18 HPs)
             Began as a Vine Stalker Brigand on July 19, 2021.
             Killed by divine providence
             ... invoked by an orc priest
              (13 damage)
             ... on level 3 of the Dungeon.
             The game lasted 00:03:01 (1640 turns).

HAL9000 the Sneak (Vine Stalker Brigand)            Turns: 1640, Time: 00:03:02

Health: -11/18     AC:  4    Str: 14    XL:     3   Next: 45%
Magic:  0/4        EV: 11    Int: 11    God:
Gold:   71         SH:  0    Dex: 15    Spells: 2/2 levels left

rFire    . . .     SeeInvis .   a - +2 dagger
rCold    . . .     Faith    .   (no shield)
rNeg     . . .     Spirit   +   b - +0 robe
rPois    .         Reflect  .   (no helmet)
rElec    .         Harm     .   c - +0 cloak
rCorr    .         Rampage  .   (no gloves)
Will     .....                  f - +0 pair of boots
Stlth    +++.......             (no amulet)
HPRegen  0.06/turn              (no ring)
MPRegen  0.09/turn              (no ring)

@: no status effects
A: fangs 2, magic shield, antimagic bite, no potion heal 2
a: no special abilities


You were on level 3 of the Dungeon.
You visited 1 branch of the dungeon, and saw 3 of its levels.

You collected 71 gold pieces.

Inventory:

Hand Weapons
 a - a +2 dagger (weapon)
Missiles
 d - 3 poisoned darts (quivered)
 e - 2 curare-tipped darts
Armour
 b - a +0 robe (worn)
 c - a +0 cloak (worn)
 f - a +0 pair of boots (worn)
Scrolls
 g - 2 scrolls of identify {unknown}
 h - a scroll of fog {unknown}
 i - a scroll of teleportation {unknown}
Potions
 j - 2 potions of magic {unknown}
 k - a potion of curing {unknown}
 l - a potion of ambrosia {unknown}
 m - a potion of mutation {unknown}


   Skills:
 - Level 1.7 Fighting
 + Level 2.0 Short Blades
 - Level 3.1 Throwing
 - Level 0.7 Dodging
 + Level 5.0 Stealth


You had 2 spell levels left.
You didn't know any spells.
Your spell library was empty.

Dungeon Overview and Level Annotations

Branches:
Dungeon (2/15)

Altars:

Shops:
D:1 (   D:2 !(


Innate Abilities, Weirdness & Mutations

You have extremely sharp teeth.
When hurt, damage is shared between your health and your magic reserves.
Your bite disrupts and absorbs the magic of your enemies.
Potions cannot restore your health.


Message History

You throw a poisoned dart.
The poisoned dart barely misses the orc priest.
The poisoned dart hits the orc.
The orc is poisoned.
The orc priest misses you.
Throw: 6 darts (poison)
Press: ? - help, Q - select action, (/) - cycle Shift-Dir - straight line, f/p - orc priest
Aim: an orc priest, wielding a +0 trident and wearing a +0 chain mail (67% to hit)
You throw a poisoned dart. The poisoned dart hits the orc priest.
The orc priest is poisoned.
The orc priest mumbles some strange prayers to Beogh against you.
You barely resist.
You kill the orc!
Throw: 5 darts (poison)
Press: ? - help, Q - select action, (/) - cycle Shift-Dir - straight line, f/p - orc priest
Aim: an orc priest, wielding a +0 trident and wearing a +0 chain mail (lightly wounded, poisoned, 67% to hit)
You throw a poisoned dart. The poisoned dart hits the orc priest!
The orc priest looks even sicker.
The orc priest is lightly wounded.
The orc priest hits you from afar with a +0 trident.
Throw: 4 darts (poison)
Press: ? - help, Q - select action, (/) - cycle Shift-Dir - straight line, f/p - orc priest
Aim: an orc priest, wielding a +0 trident and wearing a +0 chain mail (lightly wounded, very poisoned, 67% to hit)
You throw a poisoned dart. The poisoned dart hits the orc priest.
The orc priest looks as sick as possible!
The orc priest is lightly wounded.
The orc priest calls down the wrath of Beogh upon you.
Beogh smites you!
Ouch! That really hurt!
You hit the orc priest but do no damage.
You bite the orc priest, but do no damage.
The orc priest is heavily wounded.
The orc priest hits you with a +0 trident.
* * * LOW HITPOINT WARNING * * *
You hit the orc priest but do no damage.
You bite the orc priest, but do no damage.
The orc priest is severely wounded.
The orc priest invokes the aid of Beogh against you.
Beogh smites you!
Ouch! That really hurt!
You die...

#######################
#......................
#.#####################
#.# #.# ## # #.# .# ..#
#.######.#....# ####
#.....@oZ..(.(# #...
########o##...# #... .#
# ##... .. ..... .##
###### .# ...... ..
.....# .# ###.. #...


You could see an orc priest (extremely poisoned), an orc and a hound skeleton.

Vanquished Creatures
  A dart slug (D:1)
  An orc (D:3)
  4 bats
  5 endoplasms
  2 giant cockroaches (D:1)
  4 goblins (D:1)
  2 hobgoblins
  3 jackals (D:2)
  4 kobolds
  2 quokkas
  3 rats (D:1)
31 creatures vanquished.

Notes
Turn   | Place    | Note
-------+----------+-------------------------------------------
     0 | D:1      | HAL9000 the Vine Stalker Brigand began the quest for the
                  | Orb.
     0 | D:1      | Reached XP level 1. HP: 11/11 MP: 2/2
   352 | D:1      | Found Rimpod's Weapon Boutique.
   359 | D:1      | Reached XP level 2. HP: 11/15 MP: 3/3
   915 | D:1      | Reached XP level 3. HP: 18/18 MP: 4/4
  1217 | D:2      | Found Elits's Distillery.
  1482 | D:2      | Reached skill level 5 in Stealth
  1547 | D:2      | Found Zula's Antique Weapon Shoppe.
  1568 | D:2      | You fall into a shaft and drop 1 floor!
  1640 | D:3      | Killed from afar by an orc priest

Illustrated notes

Levels and vault maps discovered:
D:1:      roderic_dead_forest, layout_basic, serial_shops, nicolae_shop_crystal
D:2:      kennysheep_the_goblin_king, layout_basic, serial_shops,
          nicolae_shop_stone, shop, shop, nicolae_shop_waterfront, shop
D:3:      layout_basic, old_standard_altar,
          dreamdust_ecumenical_altar_angels_and_demons

Skill      XL: |  1  2  3 |
---------------+----------+-----
Throwing       | 2 3 |  3.1
Short Blades   | 2 |  2.0
Stealth        | 5 |  5.0
Fighting       | |  1.7
Dodging        | |  0.7

Action                   || total
-------------------------++-------
Melee: Dagger            ||    92
       Bite              ||    20
Throw: Dart              ||     6
 Stab: Sleeping          ||     6
Armor: Robe              ||    27
Dodge: Dodged            ||    49

Table legend: (Time is in decaauts)
 A = Elapsed time spent in this place.
 B = Non-inter-level travel time spent in this place.
 C = Inter-level travel time spent in this place.
 D = Time resting spent in this place.
 E = Time spent auto-exploring this place.
 F = Levels seen in this place.
 G = Mean time per level.
                   A        B        C        D        E       F      G
               +--------+--------+--------+--------+--------+-----+--------+
         Total |   1630 |   1605 |     25 |     88 |   1296 |   3 |  543.3 |
       Dungeon |   1630 |   1605 |     25 |     88 |   1296 |   3 |  543.3 |
               +--------+--------+--------+--------+--------+-----+--------+

Top non-repeatable levels by time:
     D:1: 1176 daAuts
     D:2: 383 daAuts
     D:3: 70 daAuts
